 Dungeon Crawl Stone Soup version 0.23-a0-310-gdcc7a32 (webtiles) character file.

843 HDogLeCool the Skirmisher (level 8, -4/50 HPs)
             Began as a Gargoyle Monk on Oct 12, 2018.
             Was a Believer of the Shining One.
             Slain by a killer bee (6 damage)
             ... on level 5 of the Dungeon.
             The game lasted 00:22:29 (4795 turns).

HDogLeCool the Skirmisher (Gargoyle Monk)           Turns: 4795, Time: 00:22:30

Health: -4/50      AC: 16    Str: 17    XL:     8   Next: 0%
Magic:  11/11      EV:  8    Int: 11    God:    the Shining One [**....]
Gold:   125        SH:  0    Dex: 12    Spells: 7/7 levels left

rFire    . . .     SeeInvis .   a - +0 mace
rCold    . . .     Gourm    .   (no shield)
rNeg     + + .     Faith    .   p - +0 chain mail
rPois    ∞         Spirit   .   (no helmet)
rElec    +         Reflect  .   x - +0 cloak
rCorr    .         Harm     .   (no gloves)
MR       .....                  (no boots)
Stlth    ..........             (no amulet)
HPRegen  0.16/turn              (no ring)
MPRegen  0.12/turn              (no ring)

@: glowing
A: negative energy resistance 1, electricity resistance, unbreathing,
petrification resistance, rot immunity, AC +5
a: Divine Shield, Renounce Religion


You were on level 5 of the Dungeon.
You worshipped the Shining One.
The Shining One was pleased with you.
You were not hungry.

You visited 1 branch of the dungeon, and saw 5 of its levels.

You collected 215 gold pieces.
You spent 90 gold pieces at shops.

Inventory:

Hand Weapons
 a - a +0 mace (weapon)
 r - a +0 dagger of venom
Missiles
 d - 140 stones (quivered)
 v - 14 poisoned needles
Armour
 b - a +0 robe
 e - a +0 ring mail
 p - a +0 chain mail (worn)
 x - a +0 cloak (worn)
 C - the +3 leather armour "Ytilipre" {rF+ rC- rN+ Dex+3}
   (You found it on level 5 of the Dungeon)

   It affects your dexterity (+3).
   It protects you from fire.
   It makes you vulnerable to cold.
   It protects you from negative energy.
Jewellery
 h - an uncursed amulet of the acrobat {unknown}
 w - an uncursed ring of magical power {unknown}
 y - an uncursed ring of positive energy {unknown}
Wands
 o - a wand of acid (9)
Scrolls
 f - a scroll of teleportation {unknown}
 g - a scroll of remove curse {unknown}
 j - a scroll of amnesia {unknown}
 k - 2 scrolls of identify
 n - a scroll of magic mapping {unknown}
 q - a scroll of noise {unknown}
 t - 3 scrolls of enchant weapon {unknown}
 A - a scroll of immolation {unknown}
Potions
 l - 2 potions of might {unknown}
 m - 2 potions of brilliance
 s - a potion of curing
 u - a potion of lignification {unknown}
 z - a potion of berserk rage {unknown}
 B - a potion of degeneration {unknown}
Comestibles
 c - 11 rations
 D - a chunk of flesh


   Skills:
 + Level 5.4 Fighting
 + Level 4.9 Maces & Flails
 + Level 4.1 Armour
 - Level 3.0 Dodging
 - Level 2.1 Stealth
 * Level 5.1 Invocations


You had 7 spell levels left.
You didn't know any spells.
Your spell library was empty.

Dungeon Overview and Level Annotations

Branches:
Dungeon (5/15)             Temple (0/1) D:5

Altars:
Hepliaklqana
Yredelemnul
Zin
The Shining One


Innate Abilities, Weirdness & Mutations

You are resistant to torment.
Your stone body is resilient. (AC +5)
You are immune to poison.
You resist negative energy. (rN+)
You are resistant to electric shocks. (rElec)
You can survive without breathing.
You are immune to petrification.
You are immune to rotting.


Message History

Your Invocations skill increases to level 5!
The bolt of acid hits the iguana.
The iguana is splashed with acid.
The acid corrodes the iguana!
You kill the iguana!
You have reached level 8!
You feel stronger.
A jelly comes into view.
The killer bee stings you but does no damage.
Okay, then.
Evoke which item? (* to show all) (? for menu, Esc to quit)
Aiming: Corrosive Bolt
Press: ? - help, Shift-Dir - straight line, f - orc
Aim: an orc, wielding a dagger The bolt of acid hits the killer bee.
The killer bee is splashed with acid.
The acid corrodes the killer bee!
The killer bee is severely wounded.
The bolt of acid hits the orc.
The orc is splashed with acid.
You kill the orc!
The killer bee stings you.
You die...

.≈§≈>≈§≈.......÷..#....
Z≈§≈≈§≈§...###....# #
o.≈§§§≈....# #...(####
#..≈§§.....###.......#
#.........#.)....###
#.......oo.[#)...#
#..:......o###.)(.#
...........# ###y##
##.........# #@#
##......... #....#
#......!... #...>#
#........... .....J.
....... #....### #....#
#....# ######


You could see a jelly and a killer bee.

Vanquished Creatures
  A sky beast (D:3)
  An ogre (D:4)
  A centaur (D:5)
  2 killer bees (D:5)
  A howler monkey (D:4)
  A crimson imp (D:4)
  A bullfrog skeleton (D:5)
  A centaur skeleton (D:4)
  An iguana (D:5)
  3 orc wizards (D:3)
  A worker ant (D:5)
  10 adders
  2 oozes
  2 adder skeletons
  A worm (D:4)
  A dart slug (D:1)
  4 leopard geckos
  15 orcs
  2 ball pythons
  5 bats
  11 giant cockroaches
  6 goblins
  20 hobgoblins
  6 jackals (D:1)
  A quokka (D:3)
  3 frilled lizards
  9 kobolds
  A quokka zombie (D:5)
  8 rats
121 creatures vanquished.

Notes
Turn   | Place    | Note
-------+----------+-------------------------------------------
     0 | D:1      | HDogLeCool the Gargoyle Monk began the quest for the Orb.
     0 | D:1      | Reached XP level 1. HP: 14/14 MP: 1/1
    36 | D:1      | Reached XP level 2. HP: 10/19 MP: 2/2
   342 | D:1      | Reached skill level 1 in Armour
   514 | D:1      | Reached XP level 3. HP: 21/23 MP: 3/3
  1114 | D:2      | Found a glowing golden altar of the Shining One.
  1288 | D:2      | Became a worshipper of the Shining One
  1288 | D:2      | Reached * piety under the Shining One
  1288 | D:2      | Reached ** piety under the Shining One
  1397 | D:2      | Reached XP level 4. HP: 29/29 MP: 4/4
  1696 | D:2      | Found a basalt altar of Yredelemnul.
  1696 | D:2      | Found a hazy altar of Hepliaklqana.
  1809 | D:3      | Reached skill level 1 in Invocations
  1809 | D:3      | Reached XP level 5. HP: 25/33 MP: 4/6
  2327 | D:3      | Reached XP level 6. HP: 38/39 MP: 7/7
  2475 | D:3      | Noticed a sky beast
  2492 | D:3      | Killed a sky beast
  3007 | D:4      | Reached XP level 7. HP: 31/44 MP: 9/9
  3537 | D:4      | Reached skill level 5 in Fighting
  3832 | D:5      | Entered Level 5 of the Dungeon
  3837 | D:5      | Found a staircase to the Ecumenical Temple.
  4311 | D:4      | HP: 1/44 [acid (11)]
  4548 | D:5      | Got a bloodstained leather armour
  4607 | D:5      | Identified the +3 leather armour "Ytilipre" {rF+ rC- rN+
                  | Dex+3} (You found it on level 5 of the Dungeon)
  4645 | D:5      | Found Zin's Purification Station.
  4646 | D:5      | Found a glowing silver altar of Zin.
  4652 | D:5      | Bought a potion of curing for 90 gold pieces
  4790 | D:5      | HP: 1/44 [killer bee (2)]
  4794 | D:5      | Reached skill level 5 in Invocations
  4794 | D:5      | Reached XP level 8. HP: 2/50 MP: 11/11
  4795 | D:5      | Slain by a killer bee

Vault maps used:
D:1:      zaba_arrival_water, roderic_serpentine_path
D:2:      gammafunk_temple_overflow_elements, lemuel_coloured_pillars_altar,
          minmay_cut_off
D:5:      slow_altar_1, zin_purify, minmay_temple_entry_mist, serial_shops,
          shop, first_ration

Skill      XL: |  1  2  3  4  5  6  7 |
---------------+----------------------+-----
Armour         | 1 2 3 4 |  4.1
Fighting       | 4 5 |  5.4
Dodging        | 3 |  3.0
Invocations    | 1 2 3 5 |  5.1
Maces & Flails | 4 |  4.9
Stealth        | |  2.1

Action                   |  1- 3 |  4- 6 |  7- 9 || total
-------------------------+-------+-------+-------++-------
Melee: Mace              |   141 |   213 |    64 ||   418
Throw: Stone             |     4 |    14 |     3 ||    21
Invok: Divine Shield     |       |     1 |       ||     1
Evoke: Wand              |       |       |     4 ||     4
  Use: Scroll            |       |     1 |     2 ||     3
       Potion            |       |       |     3 ||     3
 Stab: Sleeping          |     3 |       |       ||     3
  Eat: Chunk             |     2 |     5 |     3 ||    10
       Ration            |       |       |     1 ||     1
Armor: Robe              |     5 |       |       ||     5
       Ring mail         |    39 |    37 |       ||    76
       Chain mail        |       |    89 |    64 ||   153
Dodge: Dodged            |    83 |   109 |    44 ||   236
Block: Other             |       |     2 |       ||     2

Table legend:
 A = Non-vault XP
 B = Vault XP
 C = Vault XP percentage of total XP
 D = Non-vault monster count
 E = Vault monster count
 F = Vault count percentage of total count
                 A         B        C        D         E       F
            +---------+---------+-------+---------+---------+-------
      Total |    1205 |       0 |   0.0 |     121 |       0 |   0.0
            +---------+---------+-------+---------+---------+-------
        D:1 |      62 |       0 |   0.0 |      31 |       0 |   0.0
        D:2 |      64 |       0 |   0.0 |      23 |       0 |   0.0
        D:3 |     397 |       0 |   0.0 |      41 |       0 |   0.0
        D:4 |     307 |       0 |   0.0 |      14 |       0 |   0.0
        D:5 |     375 |       0 |   0.0 |      12 |       0 |   0.0
            +---------+---------+-------+---------+---------+-------
